 Dungeon Crawl Stone Soup version 0.22-a0-179-gb5258fd (webtiles) character file.

4750 b5mith the Spear-Bearer (level 10, -15/80 HPs)
             Began as a Human Berserker on Feb 13, 2018.
             Was a High Priest of Trog.
             Demolished by an orc warrior
             ... wielding a +0 hand axe
              (20 damage)
             ... on level 9 of the Dungeon.
             The game lasted 00:44:48 (10223 turns).

b5mith the Spear-Bearer (Human Berserker)          Turns: 10223, Time: 00:44:48

Health: -15/80     AC:  7    Str: 20    XL:     10   Next: 74%
Magic:  0/10       EV: 16    Int:  9    God:    Trog [*****.]
Gold:   0          SH:  0    Dex: 14    Spells: 9/9 levels left

rFire    . . .     SeeInvis .   q - +3 halberd
rCold    . . .     Gourm    .   (shield currently unavailable)
rNeg     . . .     Faith    .   v - +0 leather armour
rPois    .         Spirit   +   (no helmet)
rElec    .         Reflect  .   (no cloak)
rCorr    .         Harm     .   f - +2 pair of gloves
MR       .....                  (no boots)
Stlth    +.........             l - amulet of guardian spirit
HPRegen  0.23/turn              t - +5 ring of slaying
MPRegen  0.12/turn              E - +2 ring of strength

@: very slightly contaminated
A: no striking features
a: Berserk, Trog's Hand, Brothers in Arms, Burn Spellbooks, Renounce Religion


You were on level 9 of the Dungeon.
You worshipped Trog.
Trog was extremely pleased with you.
You were not hungry.

You visited 1 branch of the dungeon, and saw 9 of its levels.

You collected 123 gold pieces.
You spent 123 gold pieces at shops.

Inventory:

Hand Weapons
 j - a +2 longbow of flaming
 q - a +3 halberd (weapon)
Armour
 f - a +2 pair of gloves (worn)
 v - a +0 leather armour (worn)
Jewellery
 l - an amulet of guardian spirit (around neck)
 t - a +5 ring of slaying (left hand)
 E - a +2 ring of strength (right hand)
Wands
 n - a wand of disintegration (8)
Scrolls
 a - a scroll of noise {unknown}
 e - a scroll of enchant armour
 p - a scroll of fear
 w - 2 scrolls of teleportation
 x - a scroll of identify {@r1}
 A - 2 scrolls of remove curse {@r2}
 D - a scroll of fog {unknown}
Potions
 b - a potion of brilliance {unknown}
 d - 3 potions of ambrosia
 g - a potion of cancellation {unknown}
 m - a potion of magic
 s - a potion of curing {@q1}
 z - a potion of mutation {unknown}
 B - a potion of flight {unknown}
Books
 G - Azahitar's Volume of Summoning
   (You found it on level 7 of the Dungeon)

   Spells                             Type                      Level
   a - Summon Butterflies             Summoning                    1
   b - Summon Small Mammal            Summoning                    1
   c - Shadow Creatures               Summoning                    6
   Trog disapproves of the use of such an item.
Comestibles
 c - 12 rations


   Skills:
 + Level 8.0 Fighting
 * Level 8.8 Polearms
 + Level 7.6 Armour
 + Level 7.6 Dodging


You had 9 spell levels left.
You didn't know any spells.

Dungeon Overview and Level Annotations

Branches:
Dungeon (9/15)             Temple (0/1) D:4
   Lair: D:8-11         Orc: D:9-12

Altars:
Fedhas
Hepliaklqana
Kikubaaqudgha
Nemelex Xobeh
Okawaru
Sif Muna
Trog
Wu Jian
Xom
Yredelemnul

Shops:
D:4 *(

Annotations:
D:9 Maurice


Message History

* * * LOW HITPOINT WARNING * * *
The leopard gecko closely misses you.
You hit the orc warrior but do no damage.
The orc warrior is lightly wounded.
The leopard gecko closely misses you. The leopard gecko bites you.
* * * LOW HITPOINT WARNING * * *
The orc warrior hits you with a hand axe!
* * * LOW HITPOINT WARNING * * *
The orc priest closely misses you.
The leopard gecko bites you but does no damage.
You barely miss the orc priest. The orc warrior barely misses you.
The orc priest hits you with a mace.
* * * LOW HITPOINT WARNING * * *
The iguana bites you.
* * * LOW HITPOINT WARNING * * *
The leopard gecko completely misses you.
You barely miss the orc priest.
The orc warrior hits you with a hand axe!!
You die...

.....##.######......#
###.#..........#......####
......................รท...
#...............##.....##..
#...............##(....##..
#...............##.....##..
#......................##..
#........llo.....(#######..
........o@......(#### #..
####....####........# #..
#....# #........# #..
###...F# #........# #.#
#......# ###......# #.#
##.P.P.o# #......# #.#
#..._.Fl# #......# #.#
#..P.P..# #......# #..
#.......############# #..


You could see an orc warrior, an iguana, an orc priest and a leopard gecko.

Vanquished Creatures
  A cyclops (D:9)
  Prince Ribbit (D:5)
  4 wraiths (D:8)
  2 wyverns
  4 hogs (D:7)
  A human (D:7)
  A water moccasin (D:6)
  A black bear (D:7)
  A phantom (D:9)
  A sky beast (D:5)
  2 orc warriors (D:9)
  A necrophage (D:8)
  An ogre (D:4)
  A centaur (D:6)
  3 big kobolds (D:4)
  3 bullfrogs
  A scorpion (D:9)
  3 crimson imps
  3 jellies
  2 hounds
  3 orc priests
  2 human zombies (D:8)
  A bullfrog skeleton (D:5)
  7 orc wizards
  A human skeleton (D:8)
  3 iguanas
  4 worker ants
  A hound zombie (D:6)
  A hound skeleton (D:4)
  3 mummies (D:8)
  A worker ant zombie (D:7)
  10 gnolls
  13 adders
  2 shadow imps
  An ooze (D:1)
  An adder skeleton (D:4)
  2 worms
  2 dart slugs
  8 leopard geckos
  37 orcs
  4 giant cockroaches
  5 goblins
  8 hobgoblins
  4 jackals
  55 kobolds
  4 quokkas
  12 bats
  7 frilled lizards
  A leopard gecko skeleton (D:3)
  An orc zombie (D:8)
  A quokka zombie (D:7)
242 creatures vanquished.

Notes
Turn   | Place    | Note
-------+----------+-------------------------------------------
     0 | D:1      | b5mith the Human Berserker began the quest for the Orb.
     0 | D:1      | Reached XP level 1. HP: 18/18 MP: 1/1
    53 | D:1      | Reached XP level 2. HP: 6/24 MP: 2/2
   618 | D:1      | Reached XP level 3. HP: 12/29 MP: 3/3
  1557 | D:2      | Reached XP level 4. HP: 19/35 MP: 4/4
  1904 | D:2      | Found an ancient bone altar of Kikubaaqudgha.
  1979 | D:2      | Reached XP level 5. HP: 32/42 MP: 5/5
  2085 | D:2      | Reached ** piety under Trog
  3278 | D:3      | Reached XP level 6. HP: 33/48 MP: 4/6
  4199 | D:4      | Found Kishruf's Weapon Shoppe.
  4217 | D:4      | Bought a +1 long sword of protection for 123 gold pieces
  4247 | D:4      | Reached *** piety under Trog
  4261 | D:4      | Found Opleg's Assorted Antiques.
  4289 | D:4      | Reached XP level 7. HP: 22/55 MP: 5/7
  4571 | D:4      | Found a staircase to the Ecumenical Temple.
  5057 | D:4      | Reached **** piety under Trog
  5156 | D:4      | Reached skill level 5 in Fighting
  5156 | D:4      | Reached skill level 5 in Polearms
  5156 | D:4      | Reached XP level 8. HP: 62/62 MP: 6/8
  5714 | D:5      | Entered Level 5 of the Dungeon
  5832 | D:5      | Noticed Prince Ribbit
  5851 | D:5      | Killed Prince Ribbit
  5851 | D:5      | Reached skill level 5 in Armour
  5851 | D:5      | Reached skill level 5 in Dodging
  6420 | D:5      | Reached XP level 9. HP: 67/69 MP: 9/9
  7195 | D:6      | Reached ***** piety under Trog
  7197 | D:6      | Found a bloodstained altar of Trog.
  7197 | D:6      | Found a hazy altar of Hepliaklqana.
  7197 | D:6      | Found a deep blue altar of Sif Muna.
  7207 | D:6      | Found an iron altar of Okawaru.
  7220 | D:6      | Found an ornate altar of the Wu Jian Council.
  7387 | D:6      | Found a sparkling altar of Nemelex Xobeh.
  8264 | D:7      | Identified Azahitar's Volume of Summoning
  8468 | D:7      | Found a shimmering altar of Xom.
  8828 | D:8      | Reached XP level 10. HP: 75/79 MP: 10/10
  9348 | D:8      | Found a basalt altar of Yredelemnul.
  9688 | D:9      | Received a gift from Trog
 10101 | D:9      | Noticed Maurice
 10108 | D:9      | Noticed a cyclops
 10129 | D:9      | Killed a cyclops
 10178 | D:9      | Found a blossoming altar of Fedhas.
 10223 | D:9      | Demolished by an orc warrior

Vault maps used:
D:1:      scummos_arrival_simple_fountains
D:2:      kiku_gazebo_pond_becter
D:3:      first_ration
D:4:      minmay_goblin_kobold_castle, minmay_temple_entry_junction,
          serial_shops, shop_fountains, shop
D:5:      grunt_ministairs_5, dk_vineyard_1, minmay_misc_feat_enclosed,
          uniq_prince_ribbit1
D:6:      nemelex_xobeh_ov_fountains_minmay, lemuel_crystal_altar,
          gammafunk_temple_overflow_forgotten, grunt_ministairs_7,
          okawaru_gym_becter
D:7:      grunt_livestock, tgw_xom
D:8:      lemuel_mausoleum_altar_yredelemnul
D:9:      minmay_goldmine, fedhas_altar_1, uniq_maurice

Skill      XL: |  1  2  3  4  5  6  7  8  9 10 |
---------------+-------------------------------+-----
Armour         | 3 4 5 6 7 |  7.6
Dodging        | 3 4 5 6 7 |  7.6
Fighting       | 4 5 6 7 8 |  8.0
Polearms       | 4 5 6 7 8 |  8.8

Action                   |  1- 3 |  4- 6 |  7- 9 | 10-12 || total
-------------------------+-------+-------+-------+-------++-------
Melee: Whip              |    70 |    86 |       |       ||   156
       Spear             |     5 |       |       |       ||     5
       Flail             |       |    68 |       |       ||    68
       Long sword        |       |    14 |   201 |       ||   215
       Halberd           |       |       |   102 |   139 ||   241
Throw: Stone             |     1 |    23 |    73 |       ||    97
       Tomahawk          |       |     4 |    42 |    28 ||    74
Invok: Berserk           |       |     1 |     3 |     1 ||     5
  Use: Scroll            |     4 |       |    10 |     1 ||    15
       Potion            |       |     4 |       |     6 ||    10
 Stab: Sleeping          |     1 |     2 |       |       ||     3
  Eat: Chunk             |     2 |     6 |     3 |     2 ||    13
       Ration            |       |     1 |     5 |     1 ||     7
Armor: Animal skin       |    16 |    17 |       |       ||    33
       Leather armour    |       |    24 |   114 |    18 ||   156
       Skin              |       |    17 |     4 |       ||    21
Dodge: Dodged            |    48 |   174 |   236 |    82 ||   540
       Rpst.: Long sword |       |     1 |    35 |       ||    36

Table legend:
 A = Spawn XP
 B = Non-spawn XP
 C = Spawn XP percentage of total XP
 D = Spawn monster count
 E = Non-spawn monster count
 F = Spawn count percentage of total count
 G = Total turns spent on level
                    A         B        C        D         E        F      G
               +---------+---------+-------+---------+---------+-------+---------
         Total |       0 |    6786 |   0.0 |       0 |     242 |   0.0 | 10223
               +---------+---------+-------+---------+---------+-------+---------
           D:1 |       0 |      36 |   0.0 |       0 |      17 |   0.0 |  1033
           D:2 |       0 |     162 |   0.0 |       0 |      26 |   0.0 |  1442
           D:3 |       0 |     167 |   0.0 |       0 |      29 |   0.0 |  1523
           D:4 |       0 |     808 |   0.0 |       0 |      79 |   0.0 |  1716
           D:5 |       0 |     837 |   0.0 |       0 |      22 |   0.0 |  1189
           D:6 |       0 |     500 |   0.0 |       0 |      16 |   0.0 |   908
           D:7 |       0 |    1287 |   0.0 |       0 |      13 |   0.0 |   780
           D:8 |       0 |    1486 |   0.0 |       0 |      18 |   0.0 |  1023
           D:9 |       0 |    1503 |   0.0 |       0 |      22 |   0.0 |   609
               +---------+---------+-------+---------+---------+-------+---------
